TOP OF THE 1ST |
Birmingham Black Magic batting - Pitching for Chattanooga Nickajacks : RHP Henry Passon
|
Pitching: RHP Henry Passon
|
|
Batting: RHB Otha Brown
|
0-0: Called Strike 0-1: Swinging Strike 0-2: Fly out, F8 (Flyball, 8RXD, EV 98.1 MPH)
|
Batting: RHB Henry Martin
|
0-0: Foul Ball, location: 2F 0-1: Ball 1-1: Ground out 4-3 (Groundball, 4, EV 89.4 MPH)
|
Batting: LHB Harry McIntosh
|
0-0: Foul Ball, location: 7LSFF 0-1: Ball 1-1: Ball 2-1: Foul Ball, location: 7LDF 2-2: Ball 3-2: Fly out, F7 (Line Drive, 7, EV 91.3 MPH)
|
Top of the 1st over - 0 runs, 0 hits, 0 errors, 0 left on base; Birmingham 0 - Chattanooga 0 |
BOTTOM OF THE 1ST |
Chattanooga Nickajacks batting - Pitching for Birmingham Black Magic : LHP Bill Wiggins
|
Pitching: LHP Bill Wiggins
|
|
Batting: RHB Roy Merida
|
0-0: Ball 1-0: Foul Ball, location: 3FF 1-1: Ball 2-1: SINGLE (Groundball, 6MD, EV 102.5 MPH)
|
Batting: RHB Ernest Evans
|
0-0: Ball Roy Merida steals 2nd base 1-0: Fly out, F9 (Flyball, 89M, EV 86.3 MPH)
|
Batting: RHB Eddie Gransbury
|
0-0: Ball 1-0: Foul Ball, location: 2F 1-1: Called Strike 1-2: Fly out, F4 (Line Drive, 4, EV 66.3 MPH)
|
Batting: RHB Bill Sheppard
|
0-0: Swinging Strike 0-1: Foul Ball, location: 2F 0-2: Ball Passed Ball! Roy Merida to third 1-2: Reached on error, E6 (Groundball, 6, EV 100.0 MPH) Roy Merida scores
|
Batting: RHB Eugene Campbell
|
0-0: SINGLE (Line Drive, 7S, EV 93.8 MPH) Bill Sheppard to second
|
Batting: RHB Jesse Redwine
|
0-0: Called Strike 0-1: Ball 1-1: Fly out, F9 (Line Drive, 9S, EV 69.4 MPH)
|
Bottom of the 1st over - 1 run, 2 hits, 1 error, 2 left on base; Birmingham 0 - Chattanooga 1 |
TOP OF THE 2ND |
Birmingham Black Magic batting - Pitching for Chattanooga Nickajacks : RHP Henry Passon
|
Batting: RHB Bruce Murphy
|
0-0: Called Strike 0-1: Foul Ball, location: 7LMF 0-2: Foul Ball, location: 3F 0-2: Fly out, F8 (Flyball, 8RD, EV 93.1 MPH)
|
Batting: RHB Wade Nance
|
0-0: Called Strike 0-1: Ball 1-1: Foul Ball, location: 5DF 1-2: Ball 2-2: Foul Ball, location: 9LMF 2-2: Ground out 4-3 (Groundball, 4, EV 84.4 MPH)
|
Batting: RHB Curtis Maxwell
|
0-0: Ball 1-0: Ball 2-0: Swinging Strike 2-1: Called Strike 2-2: Foul Ball, location: 2F 2-2: Foul Ball, location: 2F 2-2: Foul Ball, location: 3F 2-2: SINGLE (Line Drive, 9S, EV 95.6 MPH)
|
Batting: LHB Jim Green
|
0-0: Called Strike 0-1: Foul Ball, location: 2F 0-2: Foul Ball, location: 2F 0-2: Foul Ball, location: 25F 0-2: SINGLE (Line Drive, 8LS, EV 100.0 MPH) Curtis Maxwell to second
|
Batting: RHB Fred McCoy
|
0-0: Called Strike 0-1: Fielders Choice at 2nd, U4 (Groundball, 4M, EV 102.5 MPH)
|
Top of the 2nd over - 0 runs, 2 hits, 0 errors, 2 left on base; Birmingham 0 - Chattanooga 1 |
BOTTOM OF THE 2ND |
Chattanooga Nickajacks batting - Pitching for Birmingham Black Magic : LHP Bill Wiggins
|
Batting: RHB John Ward
|
0-0: Foul Ball, location: 2F 0-1: SINGLE (Groundball, 34D, EV 106.9 MPH)
|
Batting: RHB Robert Forsythe
|
0-0: Ball 1-0: Ball 2-0: Ball Passed Ball! John Ward to second 3-0: Base on Balls
|
Batting: RHB Henry Passon
|
0-0: Sac Bunt to 2R - play at first, batter OUT! 2-4 John Ward to third Robert Forsythe to second
|
Batting: RHB Roy Merida
|
0-0: Ball 1-0: Foul Ball, location: 5DF 1-1: Foul Ball, location: 2F 1-2: Ground out 4-3 (Groundball, 4, EV 91.3 MPH)
|
Batting: RHB Ernest Evans
|
0-0: Ball 1-0: Foul Ball, location: 2F 1-1: Ball 2-1: Ball 3-1: Called Strike 3-2: DOUBLE (Flyball, 8RXD, EV 90.6 MPH) John Ward scores Robert Forsythe scores
|
Batting: RHB Eddie Gransbury
|
0-0: Ground out 5-3 (Groundball, 5, EV 108.8 MPH)
|
Bottom of the 2nd over - 2 runs, 2 hits, 0 errors, 1 left on base; Birmingham 0 - Chattanooga 3 |
TOP OF THE 3RD |
Birmingham Black Magic batting - Pitching for Chattanooga Nickajacks : RHP Henry Passon
|
Batting: LHB Bill Wiggins
|
0-0: Ball 1-0: SOLO HOME RUN (Flyball, 9LD, EV 91.3 MPH), Distance : 346 ft
|
Batting: RHB Otha Brown
|
0-0: Ball 1-0: SINGLE (Line Drive, 56D, EV 98.1 MPH)
|
Batting: RHB Henry Martin
|
0-0: Ball 1-0: Sac Bunt - play at second, runner OUT -> throw to first, DP!
|
Batting: LHB Harry McIntosh
|
0-0: Ball 1-0: SINGLE (Line Drive, 89M, EV 103.8 MPH)
|
Batting: RHB Bruce Murphy
|
0-0: Foul Ball, location: 9LSF 0-1: Fly out, F8 (Line Drive, 8RM, EV 91.3 MPH)
|
Top of the 3rd over - 1 run, 3 hits, 0 errors, 1 left on base; Birmingham 1 - Chattanooga 3 |
BOTTOM OF THE 3RD |
Chattanooga Nickajacks batting - Pitching for Birmingham Black Magic : LHP Bill Wiggins
|
Batting: RHB Bill Sheppard
|
0-0: Called Strike 0-1: Foul Ball, location: 2F 0-2: Ball 1-2: Ball 2-2: SINGLE (Groundball, 2L, EV 65.0 MPH) (infield hit)
|
Batting: RHB Eugene Campbell
|
0-0: Grounds into double play, 4-6-3 (Groundball, 4, EV 88.8 MPH)
|
Batting: RHB Jesse Redwine
|
0-0: Foul Ball, location: 3FF 0-1: Ball 1-1: Ball 2-1: Ball 3-1: Base on Balls
|
Batting: RHB John Ward
|
0-0: Called Strike 0-1: Ball 1-1: Ball 2-1: Ball Passed Ball! Jesse Redwine to second 3-1: Fly out, F7 (Flyball, 78M, EV 96.9 MPH)
|
Bottom of the 3rd over - 0 runs, 1 hit, 0 errors, 1 left on base; Birmingham 1 - Chattanooga 3 |
TOP OF THE 4TH |
Birmingham Black Magic batting - Pitching for Chattanooga Nickajacks : RHP Henry Passon
|
Batting: RHB Wade Nance
|
0-0: Ball 1-0: Fly out, F8 (Line Drive, 8LD, EV 90.0 MPH)
|
Batting: RHB Curtis Maxwell
|
0-0: Ball 1-0: Ball 2-0: Foul Ball, location: 3F 2-1: Fly out, F9 (Flyball, 9D, EV 81.9 MPH)
|
Batting: LHB Jim Green
|
0-0: Called Strike 0-1: Swinging Strike 0-2: Strikes out looking
|
Top of the 4th over - 0 runs, 0 hits, 0 errors, 0 left on base; Birmingham 1 - Chattanooga 3 |
BOTTOM OF THE 4TH |
Chattanooga Nickajacks batting - Pitching for Birmingham Black Magic : LHP Bill Wiggins
|
Batting: RHB Robert Forsythe
|
0-0: SINGLE (Groundball, 4MD, EV 108.1 MPH)
|
Batting: RHB Henry Passon
|
0-0: Bunt - Flyout to 25! F5
|
Batting: RHB Roy Merida
|
0-0: Sac Bunt to 3S - play at first, batter OUT! 3-4 Robert Forsythe to second
|
Batting: RHB Ernest Evans
|
0-0: Foul Ball, location: 5F 0-1: Ball 1-1: Called Strike 1-2: Ball 2-2: Fly out, F8 (Flyball, 8RD, EV 108.8 MPH)
|
Bottom of the 4th over - 0 runs, 1 hit, 0 errors, 1 left on base; Birmingham 1 - Chattanooga 3 |
TOP OF THE 5TH |
Birmingham Black Magic batting - Pitching for Chattanooga Nickajacks : RHP Henry Passon
|
Batting: RHB Fred McCoy
|
0-0: Fly out, F3 (Popup, 3SF, EV 71.3 MPH)
|
Batting: LHB Bill Wiggins
|
0-0: Fly out, F7 (Flyball, 7S, EV 85.0 MPH)
|
Batting: RHB Otha Brown
|
0-0: Ball 1-0: Ground out 6-3 (Groundball, 56, EV 97.5 MPH)
|
Top of the 5th over - 0 runs, 0 hits, 0 errors, 0 left on base; Birmingham 1 - Chattanooga 3 |
BOTTOM OF THE 5TH |
Chattanooga Nickajacks batting - Pitching for Birmingham Black Magic : LHP Bill Wiggins
|
Batting: RHB Eddie Gransbury
|
0-0: Called Strike 0-1: Bunt - Flyout to 15S! F1
|
Batting: RHB Bill Sheppard
|
0-0: Ball 1-0: SINGLE (Line Drive, 9S, EV 91.9 MPH)
|
Batting: RHB Eugene Campbell
|
0-0: SINGLE (Groundball, 6MD, EV 110.0 MPH) Bill Sheppard to second
|
Batting: RHB Jesse Redwine
|
0-0: Called Strike 0-1: Ball Passed Ball! Bill Sheppard to third Eugene Campbell to second 1-1: Ball Passed Ball! Bill Sheppard scores Eugene Campbell to third 2-1: SINGLE (Groundball, 6, EV 105.0 MPH) (infield hit) Eugene Campbell scores
|
Batting: RHB John Ward
|
0-0: Foul Ball, location: 3FF 0-1: Grounds into double play, 4-6-3 (Groundball, 4, EV 80.6 MPH)
|
Bottom of the 5th over - 2 runs, 3 hits, 0 errors, 0 left on base; Birmingham 1 - Chattanooga 5 |
TOP OF THE 6TH |
Birmingham Black Magic batting - Pitching for Chattanooga Nickajacks : RHP Henry Passon
|
Batting: RHB Henry Martin
|
0-0: Called Strike 0-1: Hit by Pitch
|
Batting: LHB Harry McIntosh
|
0-0: Called Strike 0-1: Ball 1-1: Called Strike 1-2: Foul Ball, location: 5SF 1-2: Fly out, F7 (Flyball, 78D, EV 101.9 MPH)
|
Batting: RHB Bruce Murphy
|
0-0: Ball 1-0: Ball 2-0: Called Strike 2-1: Ball 3-1: Foul Ball, location: 2F 3-2: Strikes out swinging
|
Batting: RHB Wade Nance
|
0-0: Called Strike 0-1: Ball 1-1: Fielders Choice at 2nd, 5-4 (Groundball, 5L, EV 101.3 MPH)
|
Top of the 6th over - 0 runs, 0 hits, 0 errors, 1 left on base; Birmingham 1 - Chattanooga 5 |
BOTTOM OF THE 6TH |
Chattanooga Nickajacks batting - Pitching for Birmingham Black Magic : LHP Bill Wiggins
|
Batting: RHB Robert Forsythe
|
0-0: Ground out 4-3 (Groundball, 4, EV 99.4 MPH)
|
Batting: RHB Henry Passon
|
0-0: Ball 1-0: Called Strike 1-1: Swinging Strike 1-2: Foul Ball, location: 2F 1-2: Foul Ball, location: 2F 1-2: Ball 2-2: Strikes out swinging
|
Batting: RHB Roy Merida
|
0-0: Ball 1-0: Foul Ball, location: 9LSF 1-1: Foul Ball, location: 9LMF 1-2: Foul Ball, location: 2F 1-2: Ground out 1-3 (Groundball, 13, EV 70.0 MPH)
|
Bottom of the 6th over - 0 runs, 0 hits, 0 errors, 0 left on base; Birmingham 1 - Chattanooga 5 |
TOP OF THE 7TH |
Birmingham Black Magic batting - Pitching for Chattanooga Nickajacks : RHP Henry Passon
|
Batting: RHB Curtis Maxwell
|
0-0: Foul Ball, location: 5FF 0-1: Ball 1-1: Foul Ball, location: 3F 1-2: Foul Ball, location: 3FF 1-2: Reaches on Catchers interference
|
Batting: LHB Jim Green
|
0-0: Foul Ball, location: 5F 0-1: Ground out 5-3 (Groundball, 56, EV 108.8 MPH) Curtis Maxwell to second
|
Batting: RHB Fred McCoy
|
0-0: Called Strike 0-1: Ground out 5-3 (Groundball, 56S, EV 71.9 MPH)
|
Batting: LHB Bill Wiggins
|
0-0: Ground out 4-3 (Groundball, 4, EV 78.1 MPH)
|
Top of the 7th over - 0 runs, 0 hits, 1 error, 1 left on base; Birmingham 1 - Chattanooga 5 |
BOTTOM OF THE 7TH |
Chattanooga Nickajacks batting - Pitching for Birmingham Black Magic : LHP Bill Wiggins
|
Batting: RHB Ernest Evans
|
0-0: Called Strike 0-1: DOUBLE (Line Drive, 7LS, EV 110.0 MPH)
|
Batting: RHB Eddie Gransbury
|
0-0: Swinging Strike Passed Ball! Ernest Evans to third 0-1: Called Strike 0-2: SINGLE (Line Drive, 4D, EV 105.6 MPH) Ernest Evans scores
|
Batting: RHB Bill Sheppard
|
0-0: Called Strike 0-1: Ball 1-1: Ball 2-1: Ball 3-1: Grounds into double play, 4-6-3 (Groundball, 34, EV 96.3 MPH)
|
Batting: RHB Eugene Campbell
|
0-0: Called Strike 0-1: Swinging Strike 0-2: Ball 1-2: Strikes out swinging
|
Bottom of the 7th over - 1 run, 2 hits, 0 errors, 0 left on base; Birmingham 1 - Chattanooga 6 |
TOP OF THE 8TH |
Birmingham Black Magic batting - Pitching for Chattanooga Nickajacks : RHP Henry Passon
|
Batting: RHB Otha Brown
|
0-0: Fly out, F3 (Popup, 3F, EV 76.3 MPH)
|
Batting: RHB Henry Martin
|
0-0: Foul Ball, location: 23F 0-1: Ball 1-1: Called Strike 1-2: Foul Ball, location: 23FF 1-2: Foul Ball, location: 9LSF 1-2: Ball 2-2: Ball 3-2: Fly out, F4 (Line Drive, 4, EV 68.8 MPH)
|
Batting: LHB Harry McIntosh
|
0-0: Fly out, F6 (Popup, 6M, EV 60.0 MPH)
|
Top of the 8th over - 0 runs, 0 hits, 0 errors, 0 left on base; Birmingham 1 - Chattanooga 6 |
BOTTOM OF THE 8TH |
Chattanooga Nickajacks batting - Pitching for Birmingham Black Magic : LHP Bill Wiggins
|
Batting: RHB Jesse Redwine
|
0-0: Ball 1-0: Foul Ball, location: 2F 1-1: Single, Error in OF, E9, batter to second base (Line Drive, 4D, EV 99.4 MPH)
|
Batting: RHB John Ward
|
0-0: Foul Ball, location: 9LMF 0-1: Ball 1-1: Ball 2-1: Foul Ball, location: 2F 2-2: Ball 3-2: SINGLE (Line Drive, 7S, EV 91.3 MPH) Jesse Redwine to third
|
Batting: RHB Robert Forsythe
|
0-0: Ball 1-0: Ball 2-0: Foul Ball, location: 2F 2-1: Foul Ball, location: 2F 2-2: Ball Passed Ball! Jesse Redwine scores John Ward to second 3-2: Foul Ball, location: 2F 3-2: Strikes out swinging
|
Batting: RHB Henry Passon
|
0-0: Swinging Strike 0-1: Swinging Strike 0-2: Ground out U3 (Groundball, 3, EV 98.8 MPH) John Ward to third
|
Batting: RHB Roy Merida
|
0-0: TRIPLE (Flyball, 9D, EV 98.8 MPH) John Ward scores
|
Pitching: RHP William Taylor
|
|
Batting: RHB Ernest Evans
|
0-0: Called Strike 0-1: Ground out 5-3 (Groundball, 56S, EV 63.1 MPH)
|
Bottom of the 8th over - 2 runs, 3 hits, 1 error, 1 left on base; Birmingham 1 - Chattanooga 8 |
TOP OF THE 9TH |
Birmingham Black Magic batting - Pitching for Chattanooga Nickajacks : RHP Henry Passon
|
Batting: RHB Bruce Murphy
|
0-0: Ball 1-0: Reached on error, E5 (Groundball, 56, EV 82.5 MPH)
|
Batting: RHB Wade Nance
|
0-0: Ball 1-0: Ball 2-0: Fly out, F8 (Flyball, 89D, EV 81.9 MPH)
|
Batting: RHB Curtis Maxwell
|
0-0: Called Strike 0-1: Ball 1-1: Ball 2-1: Fly out, F9 (Line Drive, 9S, EV 91.3 MPH)
|
Batting: LHB Jim Green
|
0-0: Foul Ball, location: 7LDF 0-1: Hit by Pitch Bruce Murphy to second
|
Pinch Hitting: LHB Jesse Moore
|
0-0: Ground out 4-3 (Groundball, 4, EV 87.5 MPH)
|
Top of the 9th over - 0 runs, 0 hits, 1 error, 2 left on base; Birmingham 1 - Chattanooga 8 |
|